Map: 2000 Atmospheres LE

Players

Has - Winner!

  • Race: Protoss Protoss

Mysteryman

  • Race: Zerg Zerg

Event: DreamHack SC2 Masters 2021 Summer

VOD

Have the link to the VOD?

Description

Time

  • Played on: May 19, 2021, 9:34 a.m.
  • Length: 9:23

All games in this series

Show
View Real Time Build Order
Export as new Build Order

Has Protoss - Winner!

Build Orders: 1 Gate Expand, Mass Adepts 

Get SALT Encoding   

  12  0:00  Probe  
  13  0:12  Probe  
  14  0:18  Pylon  
  14  0:24  Probe  
  14  0:27  Assimilator  
  15  0:36  Probe (Chrono Boost)  
  15  0:42  Gateway  
  16  0:47  Probe (Chrono Boost)  
  17  0:53  Probe  
  18  1:05  Probe  
  19  1:17  Probe  
  20  1:22  Nexus  
  20  1:31  Cybernetics Core  
  20  1:36  Probe  
  21  1:42  Assimilator  
  21  1:47  Pylon  
  21  1:52  Probe  
  22  2:04  Probe  
  22  2:05  Adept (Chrono Boost)  
  25  2:14  Stargate  
  25  2:16  Probe  
  26  2:25  Warp Gate  
  26  2:29  Adept  
  29  2:30  Probe (Chrono Boost)  
  29  2:35  Probe (Chrono Boost)  
  30  2:44  Probe x2 (Chrono Boost)  
  32  2:49  Probe (Chrono Boost)  
  33  2:52  Probe  
  33  2:54  Void Ray (Chrono Boost)  
  34  3:01  Probe  
  34  3:04  Probe  
  38  3:12  Gateway  
  38  3:13  Probe  
  38  3:16  Probe  
  38  3:17  Twilight Council  
  40  3:23  Adept  
  40  3:25  Probe  
  43  3:29  Pylon  
  43  3:30  Probe  
  44  3:38  Gateway  
  44  3:40  Gateway  
  44  3:42  Probe  
  44  3:47  Gateway  
  45  3:49  Probe  
  45  3:51  Resonating Glaives (Chrono Boost)  
  46  3:56  Pylon  
  46  4:01  Probe x2  
  48  4:13  Adept  
  48  4:14  Adept  
  52  4:19  Pylon  
  52  4:24  Nexus  
  52  4:25  Probe x2  
  54  4:35  Adept x3  
  60  4:38  Adept  
  60  4:42  Adept  
  64  4:52  Pylon  
  64  4:55  Adept x3  
  70  5:03  Assimilator  
  70  5:04  Assimilator  
  70  5:10  Probe x2, Adept  
  70  5:13  Robotics Facility  
  74  5:15  Robotics Facility  
  74  5:22  Probe x2  
  74  5:26  Adept x2  
  76  5:34  Pylon, Adept  
  78  5:37  Adept x2  
  78  5:42  Probe x2  
  84  5:43  Probe  
  84  5:47  Adept x2  
  89  5:54  Probe x2  
  92  5:57  Probe  
  92  6:01  Immortal (Chrono Boost)  
  94  6:06  Probe  
  94  6:08  Observer (Chrono Boost)  
  94  6:10  Probe x2  
  98  6:11  Sentry  
  98  6:12  Pylon  
  98  6:14  Pylon  
  100  6:26  Pylon  
  100  6:29  Immortal (Chrono Boost)  
  100  6:30  Gateway  
  104  6:35  Immortal (Chrono Boost)  
  104  6:39  Sentry  
  110  6:40  Sentry  
  110  6:42  Gateway  
  110  6:43  Probe x2  
  110  6:46  Probe  
  115  6:58  Warp Prism (Chrono Boost)  
  117  7:10  Immortal (Chrono Boost)  
  121  7:16  Adept x2  
  119  7:23  Adept x3  
  119  7:27  Immortal (Chrono Boost)  
  113  7:43  Adept x4  
  113  7:44  Adept x2  
  113  7:51  Immortal (Chrono Boost), Adept  
  113  7:55  Pylon x2  
  113  7:58  Pylon  
  115  8:02  Immortal (Chrono Boost)  
  119  8:11  Adept x3  
  125  8:15  Adept x4  
  131  8:35  Stalker x5  
  131  8:36  Stalker x2  
Show
View Real Time Build Order
Export as new Build Order

Mysteryman Zerg 

Build Orders: Hatch First 

Get SALT Encoding   

  12  0:00  Drone  
  13  0:12  Overlord  
  13  0:16  Drone  
  14  0:30  Drone x2  
  16  0:47  Hatchery  
  15  0:50  Drone  
  15  0:54  Drone  
  17  0:57  Drone  
  18  1:07  Extractor  
  17  1:12  Spawning Pool  
  17  1:15  Drone  
  17  1:18  Drone  
  18  1:27  Drone  
  19  1:38  Drone  
  20  1:48  Drone  
  21  1:59  Queen x2  
  21  2:00  Zergling x4  
  27  2:09  Drone  
  28  2:16  Hatchery  
  28  2:20  Overlord  
  28  2:22  Drone  
  28  2:38  Queen, Metabolic Boost  
  28  2:39  Zergling x2  
  28  2:41  Drone  
  28  2:44  Drone  
  33  2:48  Overlord  
  33  2:53  Drone x2  
  35  2:58  Drone  
  35  3:06  Drone x2  
  37  3:13  Drone x2, Overlord  
  37  3:16  Queen  
  40  3:22  Drone x2  
  40  3:25  Drone  
  43  3:28  Drone  
  43  3:30  Queen  
  46  3:34  Drone  
  46  3:37  Spore Crawler  
  46  3:40  Drone x2  
  46  3:41  Drone  
  49  3:44  Drone  
  49  3:47  Drone x2  
  49  3:48  Drone  
  53  3:51  Drone x2  
  55  3:56  Spore Crawler, Overlord  
  55  3:59  Overlord  
  54  4:06  Overlord  
  54  4:11  Spore Crawler  
  54  4:13  Overlord  
  54  4:14  Drone x4  
  54  4:16  Drone  
  57  4:23  Roach Warren  
  57  4:24  Extractor  
  55  4:25  Drone x3  
  55  4:29  Zergling x2  
  55  4:30  Zergling x4  
  55  4:31  Extractor  
  60  4:32  Zergling x2  
  60  4:35  Zergling x4  
  63  4:40  Zergling x6  
  63  4:41  Extractor  
  65  4:47  Lair  
  65  4:49  Zergling x8  
  69  4:57  Overlord  
  69  5:02  Zergling x2  
  69  5:03  Zergling x12  
  76  5:09  Roach  
  76  5:13  Roach  
  80  5:16  Roach  
  81  5:25  Roach  
  81  5:26  Roach x4  
  81  5:27  Drone  
  89  5:32  Overlord  
  89  5:35  Drone  
  89  5:36  Evolution Chamber  
  89  5:39  Drone  
  89  5:42  Overlord x2  
  90  5:45  Overlord  
  90  5:49  Overlord  
  90  5:53  Roach x3  
  96  5:57  Zergling x4  
  96  6:01  Zergling x4  
  100  6:05  Zerg Missile Weapons Level 1, Glial Reconstitution  
  100  6:08  Drone x3  
  100  6:09  Drone  
  100  6:10  Queen  
  106  6:12  Overseer  
  106  6:14  Roach  
  106  6:16  Drone x2  
  110  6:22  Roach  
  110  6:23  Roach x2  
  115  6:28  Overseer  
  115  6:29  Roach x3  
  121  6:33  Drone x2, Extractor  
  121  6:38  Roach x2  
  126  6:43  Overlord  
  126  6:45  Roach  
  128  6:47  Overlord  
  128  6:52  Overlord  
  128  6:57  Overlord x2  
  128  7:01  Queen  
  130  7:02  Roach  
  130  7:03  Roach x2  
  136  7:11  Roach x4  
  136  7:13  Ravager x4  
  136  7:14  Ravager  
  149  7:22  Zergling x4  
  137  7:23  Zergling x4  
  137  7:26  Ravager  
  137  7:29  Zergling x6  
  132  7:30  Zergling x8  
  108  7:48  Roach x6  
  114  7:51  Ravager  
  114  7:52  Ravager x4  
  114  7:56  Zergling x4  
  121  8:03  Roach x4  
  129  8:06  Ravager  
  129  8:10  Zergling x8  
  129  8:11  Zergling x2  
  135  8:18  Zergling x2  
  133  8:22  Drone  
  133  8:23  Drone x2  
  134  8:35  Drone x5, Hatchery  
  134  8:37  Drone x2  
  134  8:38  Drone  
  143  8:41  Roach x2  
  129  8:53  Roach x5  
Tags
 
Add a new tag
Caveats
  • Supply blocks, unpowered buildings, or Contaminate may cause inaccurate times.
  • Supply counts are checked every 10 seconds.